AoeStats
← Zynac

Socotra

505914654Analyzed
2v2 RM · 21d ago on Sep 11, 2026· 43m 40s· 4 players
Game mode
Random Map
Map size
Tiny (2 player)
Population
200
Speed
Normal
Resources
Standard
Victory
Conquest
Starting age
Dark Age
Ending age
Imperial Age
RankedLock teamsTeams togetherTeam positionsShared explorationLock speedFull tech treeHidden civsTurbo modeCheats
Victory
Defeat
🇳🇱 Portuguese · Netherlands
863
+14
🇺🇸 Huns · United States
839
+15
🇸🇰 Mongols · Slovakia
826
-14
🇸🇰 Cumans · Slovakia
819
-15
Rvchyv
2:49 Loom
13:16 Feudal Age
14:14 Double-Bit Axe
16:37 Fletching
18:12 Padded Archer Armor
23:12 Man-at-Arms
30:54 Castle Age
31:05 Forging
31:01 Scale Barding Armor
34:53 Wheelbarrow
35:14 Iron Casting
37:32 Bloodlines
37:23 Husbandry
37:23 Elite Skirmisher
39:24 Bodkin Arrow
39:45 Leather Archer Armor
Zynac
2:01 Loom
10:32 Feudal Age
10:55 Horse Collar
15:50 Wheelbarrow
17:04 Double-Bit Axe
23:01 Castle Age
21:32 Padded Archer Armor
21:29 Fletching
24:27 Thumb Ring
23:42 Crossbowman
24:33 Thumb Ring
24:46 Leather Archer Armor
27:24 Bow Saw
27:15 Bodkin Arrow
29:07 Ballistics
32:45 Circumnavigation
33:29 Pikeman
33:55 Gambesons
34:22 Forging
34:13 Scale Mail Armor
38:44 Imperial Age
38:42 Hand Cart
39:32 Bracer
40:03 Ring Archer Armor
40:36 Chemistry
43:26 Halberdier
XxTatarkaxX
6:36 Loom
11:07 Feudal Age
15:03 Stone Mining
21:47 Castle Age
21:57 Fletching
22:08 Padded Archer Armor
25:40 Wheelbarrow
25:49 Gold Mining
25:53 Town Watch
25:59 Horse Collar
27:38 Double-Bit Axe
30:45 Elite Skirmisher
31:31 Thumb Ring
31:25 Bodkin Arrow
31:46 Leather Archer Armor
32:53 Heavy Plow
33:06 Bow Saw
34:00 Ballistics
35:49 Pikeman
36:44 Forging
37:27 Squires
37:31 Scale Mail Armor
41:11 Gold Shaft Mining
Terárko
12:50 Feudal Age
13:23 Double-Bit Axe
14:37 Wheelbarrow
14:01 Horse Collar
16:02 Fletching
18:26 Scale Mail Armor
18:30 Padded Archer Armor
20:11 Man-at-Arms
26:20 Castle Age
25:57 Forging
27:29 Hand Cart
26:45 Elite Skirmisher
28:53 Thumb Ring
29:21 Heavy Plow
28:47 Light Cavalry
29:25 Pikeman
Connection lost

Rejoining the realm…

Still unreachable

The connection could not be restored.

Session expired

The server has moved on; the page needs a fresh start.